 Dungeon Crawl Stone Soup version 0.32-a0-938-g40ac7a0 (webtiles) character file.

Game seed: 1456975627495814763

931593 waagh the Slayer (level 27, -13/244 HPs)
             Began as a Coglin Gladiator on Apr 21, 2024.
             Was a High Priest of Vehumet.
             Mangled by Gloorx Vloq (26 damage)
             ... in Pandemonium.
             The game lasted 02:44:04 (59905 turns).

waagh the Slayer (Coglin Gladiator)                Turns: 59905, Time: 02:44:05

Health: -13/244    AC: 33    Str: 23    XL:     27
Magic:  15/43      EV: 23    Int: 12    God:    Vehumet [*****.]
Gold:   3181       SH:  0    Dex: 24    Spells: 44/58 levels left

rFire   + + .        o - +9 double sword (heavy) {Fredrik}
rCold   + + .        E - +5 eudemon blade (holy) {Dongyul}
rNeg    + + .        S - +9 pearl dragon scales of Omission {rN+ Will+ Str+4 Int-5}
rPois   +            R - -2 hat of the Alchemist {rElec rPois rF+ rC+ rN+ Will+ rMut rCorr}
rElec   +            W - scarf {rC+ rF+}
rCorr   +            I - +1 pair of gloves "Nulad" {rCorr Str+3 Int+2}
SInv    .            G - +2 pair of boots "Bemim" {Rampage rPois Will+ Dex+3}
Will    +++++        (amulet unavailable)
Stlth   +            (ring unavailable)
HPRegen 1.40/turn    (ring unavailable)
MPRegen 0.68/turn    O - adeledicnander inducer {rElec rPois Regen+ RegenMP+ rCorr}

%: resist mutation, rampage
@: lethally poisoned (-13 -> -13), fugue, very slightly contaminated, slowed,
revved, very slow
A: off-hand wielding, slow wielding, warmup strikes, no jewellery, iridescent
scales 1, no potion heal 1, sturdy frame 1
}: 8/15 runes: decaying, slimy, silver, abyssal, demonic, glowing, magical,
gossamer
a: Renounce Religion


You were in Pandemonium.
You worshipped Vehumet.
Vehumet was extremely pleased with you.
You visited 12 branches of the dungeon, and saw 56 of its levels.
You visited Pandemonium 1 time, and saw 9 of its levels.
You visited the Abyss 8 times.
You visited 1 bazaar.
You also visited: Trove and Gauntlet.

You collected 35952 gold pieces.
You spent 4966 gold pieces at shops.
You paid 27805 gold pieces to Gozag.

Inventory:

Hand Weapons
 o - a +9 heavy double sword (weapon) {Fredrik}
 C - a +9 demon blade of electrocution {Publius}
 E - a +5 eudemon blade of holy wrath (offhand) {Dongyul}
Missiles
 d - 6 throwing nets (quivered)
 f - 6 silver javelins
 B - 3 curare-tipped darts
Armour
 c - the +8 orange crystal plate armour {Archmagi, Int+3 Clar}
   (You found it in a treasure trove)

   Int+3:     It affects your intelligence (+3).
   Clar:      It protects you from confusion, rage, mesmerisation and fear.
 G - the +2 pair of boots "Bemim" (worn) {Rampage rPois Will+ Dex+3}
   (You bought it in a shop in a bazaar)

   Dex+3:     It affects your dexterity (+3).
   rPois:     It protects you from poison.
   Will+:     It increases your willpower.
   Rampage:   It bestows one free step when moving towards enemies.
 I - the +1 pair of gloves "Nulad" (worn) {rCorr Str+3 Int+2}
   (You bought it in a shop on level 10 of the Dungeon)

   Str+3:     It affects your strength (+3).
   Int+2:     It affects your intelligence (+2).
   rCorr:     It protects you from acid and corrosion.
 R - the -2 hat of the Alchemist (worn) {rElec rPois rF+ rC+ rN+ Will+ rMut rCorr}
   (You found it in a treasure trove)

   rF+:       It protects you from fire.
   rC+:       It protects you from cold.
   rElec:     It insulates you from electricity.
   rPois:     It protects you from poison.
   rN+:       It protects you from negative energy.
   Will+:     It increases your willpower.
   rCorr:     It protects you from acid and corrosion.
   rMut:      It protects you from mutation.
 S - the +9 pearl dragon scales of Omission (worn) {rN+ Will+ Str+4 Int-5}
   (You bought it in a shop on level 10 of the Dungeon)

   Str+4:     It affects your strength (+4).
   Int-5:     It affects your intelligence (-5).
   rN+:       It protects you from negative energy.
   Will+:     It increases your willpower.
 W - a scarf of resistance (worn)
 X - the +2 hat "Seabb" {rF+ rN+ Regen+ Dex+3}
   (You found it in a treasure trove)

   Dex+3:     It affects your dexterity (+3).
   rF+:       It protects you from fire.
   rN+:       It protects you from negative energy.
   Regen+:    It increases your rate of health regeneration.
 Z - the +4 dragonskin cloak {Aegis}
   (You took it off Tiamat on level 2 of the Realm of Zot)

   Avatar's Aegis: It grants the wearer a chance to resist fire, cold, poison,
   electricity, acid, and negative energy.
Gizmo
 O - an adeledicnander inducer (installed) {rElec rPois Regen+ RegenMP+ rCorr}
   (You invented it yourself on level 4 of the Lair of Beasts)

   [adeledicnander inducer]

   rElec:     It insulates you from electricity.
   rPois:     It protects you from poison.
   Regen+:    It increases your rate of health regeneration.
   rCorr:     It protects you from acid and corrosion.
   RegenMP+:  It increases your rate of magic regeneration.
Talismans
 e - the serpent talisman of the Storm King {rCorr MP+9 Int+3}
   (You took it off Aizul on level 1 of the Elven Halls)

   [serpent talisman]

   Int+3:     It affects your intelligence (+3).
   MP+9:      It affects your magic capacity (+9).
   rCorr:     It protects you from acid and corrosion.
 z - a talisman of death
Wands
 v - a wand of digging (35)
 F - a wand of acid (25)
Scrolls
 a - 5 scrolls of poison
 g - 33 scrolls of teleportation
 h - 5 scrolls of torment
 n - 5 scrolls of butterflies
 p - 3 scrolls of silence
 q - 7 scrolls of enchant armour
 u - 15 scrolls of fear
 w - 2 scrolls of revelation
 x - 14 scrolls of blinking
 y - 8 scrolls of amnesia
 D - 7 scrolls of fog
 K - 8 scrolls of vulnerability
 P - 9 scrolls of immolation
 T - 6 scrolls of noise
Potions
 b - 7 potions of haste
 i - 4 potions of ambrosia
 j - 4 potions of magic
 k - 5 potions of resistance
 l - a potion of mutation
 m - 6 potions of heal wounds
 r - 12 potions of attraction
 s - 2 potions of berserk rage
 t - 14 potions of might
 A - 10 potions of cancellation
 H - 9 potions of lignification
 J - 5 potions of enlightenment
 M - 13 potions of brilliance
 N - 15 potions of curing
 Q - 6 potions of invisibility
Miscellaneous
 L - a phantom mirror
 U - a condenser vane


   Skills:
 + Level 25.9 Fighting
 - Level 24.1 Long Blades
 - Level 2.0 Throwing
 - Level 17.2 Armour
 - Level 17.0 Dodging
 - Level 16.0 Spellcasting
 - Level 6.0 Necromancy
 - Level 19.0 Translocations
 - Level 3.0 Air Magic
 * Level 19.4 Shapeshifting


You had 44 spell levels left.
You knew the following spells:

 Your Spells              Type           Power      Damage    Failure   Level
a - Fugue of the Fallen   Necr           24%        N/A       2%          3
b - Manifold Assault      Tloc           26%        N/A       3%          7
c - Vhi's Electric Charg  Tloc/Air       72%        N/A       1%          4

Your spell library contained the following spells:

 Spells                   Type           Power      Damage    Failure   Level
 Airstrike                Air            8%         2d(2-18)  9%          4
 Apportation              Tloc           100%       N/A       0%          1
 Maxwell's Portable Pile  Tloc           53%        2d(10-29) 0%          3
 Teleport Other           Tloc           53%        N/A       0%          3
 Necrotise                Necr           96%        1d8       1%          1
 Momentum Strike          Conj/Tloc      64%        3d9       1%          2
 Sublimation of Blood     Necr           24%        N/A       1%          2
 Volatile Blastmotes      Fire/Tloc      64%        2d15      1%          3
 Dimensional Bullseye     Hex/Tloc       16%        N/A       1%          4
 Iskenderun's Mystic Bla Conj/Tloc 32%            2d8        (+2d4     1%          4
 Passage of Golubria      Tloc           53%        N/A       1%          4
 Dispersal                Tloc           26%        N/A       1%          6
 Gell's Gavotte           Tloc           26%        2d(23-34) 1%          6
 Static Discharge         Conj/Air       26%        3-5/arc   2%          2
 Foxfire                  Conj/Fire      36%        2x1d5     3%          1
 Freeze                   Ice            36%        1d5       3%          1
 Magic Dart               Conj           36%        1d4       3%          1
 Sandblast                Erth           18%        2d7       3%          1
 Sting                    Conj/Alch      36%        1d5       3%          1
 Cigotuvi's Dreadful Rot  Necr/Alch/Air  32%        N/A       4%          2
 Scorch                   Fire           18%        2d5       4%          2
 Searing Ray              Conj           18%        2d5       4%          2
 Summon Forest            Summ/Tloc      16%        N/A       6%          5
 Dazzling Flash           Conj/Hex       18%        N/A       9%          3
 Hailstorm                Conj/Ice       9%         3d6       9%          3
 Inner Flame              Hex/Fire       9%         N/A       9%          3
 Stone Arrow              Conj/Erth      18%        3d8       9%          3
 Swiftness                Air            16%        N/A       9%          3
 Animate Dead             Necr           24%        N/A       9%          4
 Dispel Undead            Necr           24%        3d12      9%          4
 Summon Small Mammal      Summ           36%        N/A       11%         1
 Call Imp                 Summ           18%        N/A       16%         2
 Ensorcelled Hibernation  Hex/Ice        18%        N/A       16%         2
 Jinxbite                 Hex            18%        N/A       16%         2
 Curse of Agony           Necr           24%        N/A       24%         5
 Brom's Barrelling Bould  Conj/Erth      9%         2d3       26%         4
 Flame Wave               Conj/Fire      9%         2d6       26%         4
 Fulminant Prism          Conj/Alch      4%         3d5       26%         4
 Ignite Poison            Fire/Alch      9%         N/A       26%         4
 Olgreb's Toxic Radiance  Alch           9%         N/A       26%         4
 Sticky Flame             Fire/Alch      9%         2d5       26%         4
 Disjunction              Tloc           26%        N/A       26%         8
 Call Canine Familiar     Summ           9%         N/A       30%         3
 Ozocubu's Armour         Ice            9%         N/A       30%         3
 Passwall                 Erth           9%         N/A       30%         3
 Sigil of Binding         Hex            9%         N/A       30%         3
 Summon Ice Beast         Ice/Summ       9%         N/A       30%         3
 Anguish                  Hex/Necr       8%         N/A       30%         4
 Martyr's Knell           Necr/Summ      16%        N/A       30%         4
 Arcjolt                  Conj/Air       6%         1d16      36%         5
 Freezing Cloud           Conj/Ice/Air   6%         6-21      41%         5
 Fireball                 Conj/Fire      4%         3d4       54%         5
 Irradiate                Conj/Alch      4%         3d13      54%         5
 Iskenderun's Battlesphe  Conj           9%         2d6       54%         5
 Lee's Rapid Deconstruct  Erth           4%         3d5*      54%         5
 Borgnjor's Vile Clutch   Necr/Erth      8%         N/A       63%         5
 Animate Armour           Summ/Erth      18%        N/A       71%         4
 Cause Fear               Hex            4%         N/A       71%         4
 Leda's Liquefaction      Alch/Erth      4%         N/A       71%         4
 Petrify                  Alch/Erth      9%         N/A       71%         4
 Summon Blazeheart Golem  Fire/Summ      9%         N/A       71%         4
 Death Channel            Necr           12%        N/A       80%         6
 Silence                  Hex/Air        6%         N/A       83%         5
 Conjure Ball Lightning   Conj/Air       6%         3x3d6     88%         6
 Plasma Beam              Fire/Air       6%         2x1d17    88%         6
 Alistair's Intoxication  Alch           6%         N/A       96%         5
 Metabolic Englaciation   Hex/Ice        4%         N/A       96%         5
 Summon Mana Viper        Hex/Summ       9%         N/A       96%         5
 Bombard                  Conj/Erth      4%         9d2       97%         6
 Eringya's Noxious Bog    Alch           4%         4d6       97%         6
 Permafrost Eruption      Ice/Erth       4%         2x4d2     97%         6
 Starburst                Conj/Fire      4%         6d4       97%         6
 Sculpt Simulacrum        Ice/Alch       4%         N/A       100%        6
 Summon Cactus Giant      Summ           4%         N/A       100%        6
 Haunt                    Necr/Summ      8%         N/A       100%        7
 Monstrous Menagerie      Summ           4%         N/A       100%        7
 Orb of Destruction       Conj           4%         9d5       100%        7
 Ozocubu's Refrigeration  Ice            4%         4d8       100%        7
 Spellforged Servitor     Conj/Summ      4%         N/A       100%        7
 Summon Hydra             Summ           4%         N/A       100%        7
 Borgnjor's Revivificati  Necr           12%        N/A       100%        8
 Discord                  Hex            4%         N/A       100%        8
 Ignition                 Fire           4%         3d4       100%        8
 Infestation              Necr           12%        N/A       100%        8
 Lehudib's Crystal Spear  Conj/Erth      4%         10d3      100%        8
 Maxwell's Capacitive Co  Air            8%         ∞         100%        8
 Death's Door             Necr           12%        N/A       100%        9
 Dragon's Call            Summ           4%         N/A       100%        9


Dungeon Overview and Level Annotations

Branches:
Dungeon (15/15)            Temple (1/1) D:5            Lair (5/5) D:10
  Swamp (4/4) Lair:3       Spider (4/4) Lair:2        Slime (5/5) Lair:4
    Orc (2/2) D:9             Elf (3/3) Orc:2        Vaults (5/5) D:13
  Crypt (3/3) Vaults:2       Tomb (0/3) Crypt:3      Depths (4/4) D:15
    Zot (5/5) Depths:4    Gauntlet (visited)

Altars:
Ashenzari
Cheibriados
Dithmenos
Elyvilon
Fedhas
Gozag
Hepliaklqana
Kikubaaqudgha
Makhleb
Nemelex Xobeh
Okawaru
Qazlal
Ru
Sif Muna
Trog
Uskayaw
Vehumet
Wu Jian
Xom
Yredelemnul
Zin
The Shining One
Jiyva

Shops:
D:4 (   D:8 (   D:9 *[   D:10 [   D:12 :   D:13 (   D:15 (   Orc:1 [
Orc:2 ([?!   Elf:1 (   Lair:2 (   Swamp:2 (   Vaults:2 (   Vaults:3 (=
Vaults:4 ((   Vaults:5 :*   Crypt:2 [   Zot:1 (   Depths:2 *(?

Portals:
Hell: Depths:1 Depths:2 Depths:3 Depths:4
Abyss: Depths:1 Depths:3
Pandemonium: Depths:1 Depths:2 Depths:4
Ziggurat: Depths:4

Annotations:
Lair:1 exclusion: oklob plant
Elf:3 Mara
Depths:1 exclusion: obsidian statue
Depths:3 2 runed translucent doors
Pan Gloorx Vloq


Innate Abilities, Weirdness & Mutations

You can wield a second weapon in your off-hand.
It takes a long time for you to wield or remove held weapons.
Your first few attacks do less damage.
You cannot equip rings or amulets.
You are partially covered in iridescent scales. (AC +2)
Potions are less effective at restoring your health.
Your movements are slightly less encumbered by armour. (ER -2)


Message History

You kill the Executioner!
The Executioner disappears in a puff of smoke!
You slice the Executioner with your +9 heavy double sword!!
You slash the Executioner with your +5 eudemon blade of holy wrath!
The Executioner convulses!
You feel sick. Gloorx Vloq closely misses you.
Gloorx Vloq calls on the powers of darkness!
Your body is wracked with pain!
* * * LOW HITPOINT WARNING * * *
The Executioner completely misses you. The Executioner closely misses you. x2
Gloorx Vloq gestures at you.
The foul vapour engulfs you but does no damage.
Unknown command.
Casting: Manifold Assault (mildly dangerous; 3% risk of failure)
Confirm with . or Enter, or press ? or * to list all spells.
Space momentarily warps into an impossible shape!
You slice the Executioner with your +9 heavy double sword!!
You kill the Executioner!
Vehumet accepts your kill.
You feel your power returning.
You hit Gloorx Vloq with your +5 eudemon blade of holy wrath.
Gloorx Vloq convulses.
You slice Gloorx Vloq with your +9 heavy double sword!!
You are engulfed in dark miasma.
You feel as though you will be slow longer.
You are no longer firmly anchored in space.
You are no longer robbed of momentum.
You feel very sick.
Gloorx Vloq hits you but does no damage.
Gloorx Vloq completely misses you.
A large abomination comes into view.
Gloorx Vloq calls on the powers of darkness!
Your body is wracked with pain!
* * * LOW HITPOINT WARNING * * *
Unknown command.
Gozag petitions for your drink to fail.
You are engulfed in dark miasma.
You feel as though you will be slow longer.
* * * LOW HITPOINT WARNING * * *
You feel sick. Gloorx Vloq hits you!!
You die...

.#..# #.#.# .#
#...#.#. ...## .#.#
....X#.#. #.#.#
#.#.# #...#.#.#
.#..#
#.#.#..)..#.#.
#.#.# #.#.#...#.#.#
...## #.#.....#.#
#.#.### #°#°&.#.#
##....### #°@°..#
##.....####
#°#°§°#.#
###......#####°°.#
###....)..##'''##..
####....)...).....
####.........##
###########


You could see Gloorx Vloq and a large abomination.

Vanquished Creatures
  the Royal Jelly (Slime:5)
  Mnoleg (Pan)
  A seraph (Pan)
  Lom Lobon (Pan)
  2 dread liches
  2 ancient liches (Crypt:3)
  Tiamat (Zot:2)
  2 juggernauts (Depths:3)
  Boris (twice) (Vaults:3 Crypt:3)
  The ghost of Ulecsuczon the Impregnable, a veteran MiGl of Hepliaklqana (Crypt:1)
  Vv (Zot:4)
  A Killer Klown (Zot:4)
  2 caustic shrikes (Depths:3)
  A curse toe (Zot:4)
  Jory (Vaults:3)
  A profane servitor (Abyss:2)
  2 bone dragons
  17 golden dragons
  A pearl dragon (Pan)
  The ghost of Vuferghebb the Slayer, an adept CoFi of Trog (Vaults:4)
  A hellephant (Abyss:4)
  27 tentacled monstrosities
  Zenata (Elf:3)
  An Ice Fiend (Pan)
  2 walking crystal tomes (Depths:3)
  3 deep elf blademasters (Elf:3)
  Asterion (Spider:1)
  5 Orb Guardians (Zot:5)
  6 liches
  4 quicksilver dragons
  9 titans
  20 acid blobs
  3 walking frostbound tomes (Depths:3)
  A walking divine tome (Depths:2)
  Frances (Swamp:1)
  13 Executioners
  9 tentacled starspawn
  4 deep elf master archers
  An ancient champion (Crypt:2)
  The ghost of bochi the Bludgeoner, an adept OnIE of Cheibriados (Swamp:1)
  Kirke (Swamp:1)
  6 death cobs
  7 sphinxes
  8 tengu reavers
  14 shadow dragons
  Agnes (Elf:2)
  The ghost of Maup the Warrior, an adept DrBe of Trog (Swamp:3)
  12 storm dragons
  2 thorn hunters (Swamp:4)
  Aizul (Elf:1)
  8 azure jellies
  4 revenants
  Donald (Elf:3)
  7 protean progenitors
  A fenstrider witch (Swamp:4)
  16 frost giants
  14 rockslimes
  The ghost of Uroge the Thaumaturge, a journeyman GrEE of Vehumet (Swamp:3)
  Roxanne (Swamp:3)
  6 draconian monks
  6 emperor scorpions
  19 daevas
  A balrug (Pan)
  7 iron dragons
  21 fire giants
  3 deep elf sorcerers
  Louise (Spider:2)
  6 draconian knights
  4 draconian scorchers
  3 draconian shifters
  18 vault wardens
  16 angels (Pan)
  A caustic shrike zombie (Crypt:3)
  A juggernaut zombie (Abyss:2)
  8 draconian stormcallers
  3 reapers (Pan)
  14 ghost moths
  5 deep elf elementalists (Elf:3)
  12 draconian annihilators
  3 spriggan defenders
  3 orc warlords
  18 cacodemons (Pan)
  2 curse skulls
  7 quicksilver oozes
  3 ghouls (Crypt:2)
  8 ironbound thunderhulks
  10 ophanim (Pan)
  5 juggernaut skeletons
  4 broodmothers
  5 caustic shrike skeletons
  2 demonspawn blood saints (Pan)
  22 very ugly things
  7 formless jellyfish
  10 green draconians
  27 ironbound preservers
  13 black draconians
  2 demonspawn corrupters (Pan)
  5 deep elf demonologists
  3 eleionomae (Swamp:3)
  A lorocyproca (Abyss:3)
  9 vampire knights
  19 stone giants
  11 red draconians
  Azrael (Elf:1)
  3 demonspawn black suns (Pan)
  11 deep elf death magi
  14 dire elephants
  13 yellow draconians
  16 apis (Pan)
  A minotaur (Gauntlet)
  9 deep elf annihilators
  15 purple draconians
  2 bunyips
  9 white draconians
  3 war gargoyles (Crypt:3)
  17 spark wasps
  Snorg (Orc:2)
  4 green deaths
  6 eidola
  A quicksilver dragon zombie (Crypt:3)
  10 fire dragons
  A blizzard demon (Pan)
  2 merfolk javelineers (Crypt:1)
  Josephine (D:12)
  13 ettins
  8 entropy weavers
  4 deep elf high priests
  15 jiangshi
  13 rakshasas
  17 great orbs of eyes
  25 hydras
  A hell beast (Depths:2)
  20 yaktaur captains
  14 ice dragons
  11 spriggan air magi
  8 ogre magi
  Erolcha (D:13)
  A peacekeeper (Vaults:4)
  41 vault guards
  7 ghost crabs
  21 centaur warriors
  7 ironbound frosthearts
  2 merfolk aquamancers (Pan)
  6 alligators
  4 radroaches
  Erica (D:8)
  2 catoblepae (Lair:5)
  3 jorogumos
  2 spriggan skeletons (Crypt:3)
  24 two-headed ogres
  A death scarab (Spider:2)
  30 dancing weapons
  7 deep troll shamans
  A fenstrider witch skeleton (Crypt:1)
  6 vampire magi
  7 boulder beetles
  4 death yaks (Lair:5)
  3 tengu warriors
  5 hell hogs
  12 deep troll earth magi
  9 demonic crawlers
  12 thrashing horrors
  12 spriggan berserkers
  5 occultists
  2 naga warriors (Crypt:1)
  10 soul eaters
  3 hell knights (Depths:3)
  A shock serpent (shapeshifter) (Depths:3)
  12 deep elf knights
  6 skysharks
  8 wretched stars
  6 pharaoh ants
  3 sun demons
  2 hellephant skeletons (Pan)
  A spectral spark wasp (Depths:2)
  3 iron trolls
  2 skysharks (shapeshifter)
  5 deep elf archers
  5 goliath frogs
  2 shadow wraiths (Abyss:2)
  A spark wasp zombie (D:15)
  A death drake (shapeshifter) (Depths:2)
  10 flayed ghosts
  9 shadow demons
  13 cherubim (Pan)
  2 orb spiders (shapeshifter)
  9 glowing orange brains
  24 skeletal warriors
  16 sixfirhies (Pan)
  44 deep trolls
  5 bog bodies
  A deep troll (shapeshifter) (Depths:3)
  10 swamp dragons
  25 ironbound convokers
  9 phantasmal warriors
  9 orb spiders
  An anaconda zombie (Abyss:3)
  5 spriggan druids
  A spriggan simulacrum (Crypt:1)
  8 arcanists
  3 steelbarb worms
  A shadow dragon zombie (Depths:1)
  2 harpies (shapeshifter)
  16 lindwurms
  19 deep elf pyromancers
  5 orc knights
  Pikel (D:5)
  2 thermic dynamos (Elf:1)
  3 obsidian bats
  7 necromancers
  An iron dragon zombie (Crypt:3)
  A harpy (Vaults:3)
  3 orc sorcerers
  An iron dragon skeleton (Depths:1)
  44 ugly things
  3 worldbinders
  5 shining eyes
  2 stone giant zombies
  A salamander (Depths:4)
  27 large abominations
  19 deep elf zephyrmancers
  2 draconians (Abyss:4)
  27 wolf spiders
  A will-o-the-wisp (Swamp:4)
  34 moths of wrath
  A goliath frog skeleton (Crypt:1)
  A meliai (shapeshifter) (D:15)
  Maurice (D:8)
  An elephant (shapeshifter) (Abyss:3)
  6 meliai
  2 naga zombies (Crypt:1)
  9 cyclopes
  3 black mambas
  2 dire elephant zombies
  3 manticores
  A human skeleton (Vaults:3)
  8 elephants
  An eye of devastation (shapeshifter) (Vaults:5)
  3 centaur zombies
  31 vault sentinels
  A minotaur zombie (Gauntlet)
  8 eyes of devastation
  8 smoke demons
  3 hellions
  4 torpor snails
  5 gargoyles
  4 centaur skeletons
  2 unseen horrors
  14 orange demons (Pan)
  An unseen horror zombie (Crypt:1)
  21 cane toads
  Maggie (D:6)
  2 kobold demonologists
  A rime drake (shapeshifter) (Depths:3)
  10 komodo dragons
  A tengu conjurer (Depths:3)
  A yellow draconian zombie (Crypt:2)
  2 rime drakes
  3 tormentors
  38 yaktaurs
  5 freezing wraiths
  A death yak skeleton (Crypt:1)
  A minotaur skeleton (Crypt:2)
  8 ancient zymes
  2 harpy zombies (Crypt:3)
  2 merfolk
  A red devil (Gauntlet)
  A pale draconian skeleton (Crypt:1)
  4 trolls
  9 hellwings
  A merfolk (shapeshifter) (Vaults:5)
  4 polar bears
  10 tyrant leeches
  A polar bear (shapeshifter) (Elf:1)
  20 tarantellas
  A raiju (shapeshifter) (Abyss:3)
  A harpy skeleton (Crypt:1)
  A queen bee (shapeshifter) (D:15)
  23 hornets
  34 blink frogs
  28 jumping spiders
  An ettin zombie (Crypt:1)
  3 glass eyes
  An iron dragon simulacrum (Depths:1)
  6 dream sheep (Lair:4)
  Prince Ribbit (D:6)
  7 raiju
  2 spriggan zombies (D:15)
  Sigmund (D:4)
  8 water elementals
  5 fire dragon skeletons (Crypt:3)
  An ettin skeleton (Vaults:3)
  27 spriggans
  An air elemental (Elf:3)
  71 slime creatures
  6 shadows
  13 wraiths
  16 culicivoras
  8 wyverns
  9 vampires
  11 small abominations
  45 yaks
  7 ynoxinuls
  4 hogs (Swamp:1)
  A slime creature zombie (Crypt:2)
  14 golden eyes
  A golden eye (shapeshifter) (Abyss:2)
  7 basilisks
  A warg (Orc:2)
  4 fire elementals
  20 neqoxecs
  3 steam dragons
  Edmund (D:6)
  5 fire bats
  20 vampire mosquitoes
  9 chaos spawn
  45 redbacks
  14 swamp worms
  A swamp worm (shapeshifter) (Depths:3)
  A spatial vortex (Abyss:2)
  A water nymph zombie (Crypt:1)
  2 acid dragons
  3 hell hounds (Elf:1)
  A naga skeleton (Crypt:1)
  13 water moccasins
  A water nymph skeleton (Crypt:1)
  12 orc warriors
  4 sky beasts
  2 ice beasts
  2 black bears
  22 laughing skulls
  9 swamp drakes
  5 wolves
  5 boggarts
  34 ogres
  A lindwurm skeleton (Crypt:2)
  11 centaurs
  2 lemures (D:5)
  3 weeping skulls
  A phantom (D:4)
  23 bullfrogs
  2 brain worms (Abyss:3)
  7 kobold brigands
  3 gnoll sergeants
  A two-headed ogre simulacrum (Crypt:1)
  5 earth elementals
  2 scorpions (Lair:2)
  22 wights
  A warg skeleton (Crypt:2)
  A wyvern skeleton (Crypt:2)
  5 killer bees
  5 electric eels
  A shapeshifter skeleton (Crypt:1)
  5 vampire bats (Abyss:2)
  5 howler monkeys
  2 crimson imps (Gauntlet)
  A jelly (D:5)
  A quasit (Abyss:3)
  A basilisk skeleton (Crypt:1)
  5 gnoll boudas (D:9)
  9 orc priests
  6 hounds
  22 starcursed masses
  A sleepcap (D:6)
  Natasha (D:2)
  5 iguanas
  16 orc wizards
  Robin (D:4)
  18 gnolls
  6 adders
  2 shadow imps
  5 white imps
  9 ufetubi
  A dart slug (D:3)
  2 ribbon worms
  46 orcs
  2 endoplasms (D:2)
  7 giant cockroaches
  15 goblins
  13 hobgoblins
  10 jackals
  3 quokkas
  6 ball pythons
  4 bats
  4 frilled lizards
  A frilled lizard skeleton (Crypt:2)
  A frilled lizard zombie (Crypt:2)
  A hobgoblin zombie (Crypt:2)
  26 kobolds
  9 rats
  7 aspiring fleshes
  9 ball lightnings (Pan)
  4 butterflies
  2 lurking horrors
  6 starspawn tentacles
2918 creatures vanquished.

Vanquished Creatures (others)
  A demonspawn blood saint (Pan)
  A vampire knight (Depths:3)
  2 deep elf knights
  A glowing orange brain (Pan)
  A deep elf zephyrmancer (Elf:2)
  A hornet (Swamp:3)
  A bloated husk (Swamp:1)
  A spriggan (Swamp:3)
  A redback (Spider:2)
  2 swamp worms
  A lurking horror (Abyss:2)
  15 starspawn tentacles
28 creatures vanquished.

Grand Total: 2946 creatures vanquished

Notes
Turn   | Place    | Note
-------+----------+-------------------------------------------
     0 | D:1      | waagh the Coglin Gladiator began the quest for the Orb.
     0 | D:1      | Reached XP level 1. HP: 16/16 MP: 1/1
   100 | D:1      | Reached XP level 2. HP: 22/22 MP: 2/2
   615 | D:2      | Reached XP level 3. HP: 21/28 MP: 3/3
   981 | D:2      | Noticed Natasha
   988 | D:2      | Killed Natasha
   989 | D:2      | Reached skill level 1 in Armour
   989 | D:2      | Reached XP level 4. HP: 23/34 MP: 4/4
  1065 | D:2      | Gained mutation: You sometimes lose your temper in combat.
                  | [potion of mutation]
  1065 | D:2      | Gained mutation: You are vulnerable to cold. (rC-) [potion
                  | of mutation]
  1065 | D:2      | Lost mutation: You are vulnerable to cold. (rC-) [potion of
                  | mutation]
  1065 | D:2      | Gained mutation: Your flesh is cold resistant. (rC+)
                  | [potion of mutation]
  1604 | D:3      | Reached XP level 5. HP: 36/40 MP: 5/5
  2181 | D:4      | Found a sacrificial altar of Ru.
  2189 | D:4      | Reached skill level 3 in Fighting
  2266 | D:4      | Noticed a phantom
  2275 | D:4      | Killed a phantom
  2276 | D:4      | Reached skill level 5 in Long Blades
  2276 | D:4      | Reached XP level 6. HP: 47/47 MP: 6/6
  2365 | D:4      | Noticed Sigmund
  2376 | D:4      | Killed Sigmund
  2377 | D:4      | Reached XP level 7. HP: 52/53 MP: 7/7
  2503 | D:4      | Noticed Robin
  2528 | D:4      | Killed Robin
  2590 | D:4      | Found an ornate altar of the Wu Jian Council.
  2726 | D:4      | Found a radiant altar of Vehumet.
  2845 | D:4      | Found Qoiz's Antique Weapon Boutique.
  3024 | D:5      | Entered Level 5 of the Dungeon
  3078 | D:5      | Reached skill level 4 in Fighting
  3251 | D:5      | Noticed a shadow
  3262 | D:5      | Killed a shadow
  3339 | D:5      | Noticed Pikel
  3352 | D:5      | Killed Pikel
  3353 | D:5      | Reached XP level 8. HP: 34/61 MP: 8/8
  3490 | D:5      | Found a snail-covered altar of Cheibriados.
  3940 | D:5      | Found a staircase to the Ecumenical Temple.
  3953 | D:5      | Reached skill level 5 in Dodging
  3955 | Temple   | Entered the Ecumenical Temple
  3961 | Temple   | Became a worshipper of Gozag Ym Sagoz the Greedy
  4000 | D:6      | Found a bloodstained altar of Trog.
  4000 | D:6      | Found a shadowy altar of Dithmenos.
  4014 | D:6      | Reached skill level 5 in Fighting
  4167 | D:5      | Reached skill level 10 in Long Blades
  4167 | D:5      | Reached XP level 9. HP: 62/68 MP: 9/9
  4531 | D:6      | Noticed Edmund
  4551 | D:6      | Killed Edmund
  4653 | D:6      | Found a stormy altar of Qazlal.
  4750 | D:6      | Found an ancient bone altar of Kikubaaqudgha.
  4804 | D:6      | Noticed Prince Ribbit
  4813 | D:6      | Killed Prince Ribbit
  4874 | D:6      | Found a sparkling altar of Nemelex Xobeh.
  4877 | D:6      | Noticed Maggie
  4877 | D:6      | Paralysed by Maggie for 2 turns
  4883 | D:6      | Paralysed by Maggie for 4 turns
  4889 | D:6      | Paralysed by Maggie for 2 turns
  4896 | D:6      | Killed Maggie
  4897 | D:6      | Reached skill level 6 in Fighting
  4897 | D:6      | Reached skill level 5 in Armour
  4897 | D:6      | Found a glowing silver altar of Zin.
  5448 | D:7      | Reached XP level 10. HP: 59/77 MP: 10/10
  5538 | D:7      | Found a shimmering altar of Xom.
  5852 | D:7      | Found a blossoming altar of Fedhas.
  6351 | D:8      | Noticed Maurice
  6358 | D:8      | Killed Maurice
  6359 | D:8      | Reached skill level 7 in Fighting
  6366 | D:8      | Noticed Erica
  6385 | D:8      | Killed Erica
  6572 | D:8      | Found an iron altar of Okawaru.
  7106 | D:9      | Found Uri Ety's General Store.
  7164 | D:9      | Reached XP level 11. HP: 72/84 MP: 11/11
  7274 | D:9      | Found a staircase to the Orcish Mines.
  7291 | D:9      | Bought a scroll of teleportation for 45 gold pieces
  7293 | D:9      | Bought a runed cloak for 255 gold pieces
  7821 | D:9      | Found a glowing golden altar of the Shining One.
  7825 | D:9      | Found a broken altar of Ashenzari.
  8125 | D:9      | Reached skill level 8 in Fighting
  8218 | D:10     | Entered Level 10 of the Dungeon
  8343 | D:10     | You fall into a shaft and drop 2 floors!
  8412 | D:12     | Noticed Josephine
  8425 | D:12     | Noticed a cyclops
  8431 | D:12     | Noticed a cyclops
  8481 | D:12     | Noticed a cyclops
  8491 | D:12     | Killed a cyclops
  8707 | D:12     | Found a bloodstained altar of Trog.
  8820 | D:12     | Killed a cyclops
  8988 | D:12     | Killed a cyclops
  9290 | D:12     | Reached XP level 12. HP: 92/94 MP: 12/12
  9296 | D:12     | Killed Josephine
  9297 | D:12     | Reached skill level 15 in Long Blades
  9449 | D:12     | Found a portal to a secret trove of treasure.
  9517 | D:12     | Found Goic Yck's Tiny Tomes.
  9719 | D:11     | Found a flickering gateway to a bazaar.
  9739 | D:11     | Noticed a boulder beetle
  9750 | D:11     | Killed a boulder beetle
  9751 | D:11     | Reached skill level 9 in Fighting
  9843 | Bazaar   | Entered a bazaar
  9843 | Bazaar   | Found Kiropoymm's Antique Weapon Shoppe.
  9843 | Bazaar   | Found Fagaq's Armour Emporium.
  9846 | Bazaar   | Found Maqatu's Antique Armour Emporium.
  9850 | Bazaar   | Found Ocsu's Jewellery Shoppe.
  9873 | Bazaar   | Bought a pair of glimmering boots for 228 gold pieces
  9873 | Bazaar   | Identified the +2 pair of boots "Bemim" {Rampage rPois
                  | Will+ Dex+3} (You bought it in a shop in a bazaar)
  9919 | D:11     | Noticed a boulder beetle
  9920 | D:11     | Noticed a two-headed ogre
  9935 | D:11     | Killed a boulder beetle
  9941 | D:11     | Killed a two-headed ogre
 10192 | D:11     | Noticed a boulder beetle
 10208 | D:11     | Killed a boulder beetle
 10670 | D:10     | Noticed a two-headed ogre
 10679 | D:10     | Killed a two-headed ogre
 10985 | D:10     | Found a staircase to the Lair.
 11076 | D:10     | Noticed a two-headed ogre
 11083 | D:10     | Killed a two-headed ogre
 11091 | D:10     | Bought a pair of warped gloves for 313 gold pieces
 11091 | D:10     | Identified the +1 pair of gloves "Nulad" {rCorr Str+3
                  | Int+2} (You bought it in a shop on level 10 of the Dungeon)
 11349 | Lair:1   | Entered Level 1 of the Lair of Beasts
 11382 | Lair:1   | Noticed a skyshark
 11392 | Lair:1   | Killed a skyshark
 11532 | Lair:2   | Reached skill level 10 in Fighting
 11532 | Lair:2   | Reached XP level 13. HP: 103/103 MP: 13/13
 11781 | Lair:2   | Found a hole to the Spider Nest.
 12024 | Lair:5   | Entered Level 5 of the Lair of Beasts
 12227 | Lair:5   | Reached skill level 10 in Dodging
 12451 | Lair:5   | Identified the +1 scimitar "Zuol" {spect, rF- rC++ MP+9
                  | Str+4}
 12459 | Lair:5   | Reached skill level 11 in Fighting
 12478 | Lair:5   | Reached XP level 14. HP: 75/113 MP: 14/14
 12535 | Lair:5   | Got an earthy gem with 2548 turns to spare
 12670 | Lair:5   | Reached skill level 10 in Armour
 14280 | Lair:4   | Acquired an adeledicnander inducer {rElec rPois Regen+
                  | RegenMP+ rCorr}
 14828 | Lair:3   | Found an iron altar of Okawaru.
 15051 | Lair:3   | Found a staircase to the Swamp.
 15491 | Lair:2   | Reached skill level 12 in Fighting
 15889 | Lair:1   | Found a white marble altar of Elyvilon.
 15904 | Lair:1   | Reached XP level 15. HP: 120/120 MP: 15/15
 16727 | Orc:1    | Entered Level 1 of the Orcish Mines
 16784 | Orc:1    | Found Etarruop's Antique Armour Emporium.
 17067 | Orc:2    | Entered Level 2 of the Orcish Mines
 17315 | D:10     | Bought faintly glowing pearl dragon scales for 3415 gold
                  | pieces
 17315 | D:10     | Identified the +9 pearl dragon scales of Omission {rN+
                  | Will+ Str+4 Int-5} (You bought it in a shop on level 10 of
                  | the Dungeon)
 17466 | Orc:2    | Found a staircase to the Elven Halls.
 17494 | Orc:2    | Found Labioc's Antique Armour Shop.
 17494 | Orc:2    | Found Jyub's Weapon Emporium.
 17594 | Orc:2    | Found Diny's Distillery.
 17594 | Orc:2    | Found Faxasoff's Magic Scroll Shop.
 17630 | Orc:2    | Bought a scroll of blinking for 82 gold pieces
 17630 | Orc:2    | Bought a scroll of blinking for 82 gold pieces
 17631 | Orc:2    | Bought a potion of degeneration for 15 gold pieces
 17798 | Orc:2    | Noticed Snorg
 17810 | Orc:2    | Killed Snorg
 18092 | Swamp:1  | Entered Level 1 of the Swamp
 18158 | Swamp:1  | Learned a level 3 spell: Volatile Blastmotes
 18209 | Swamp:1  | Noticed Frances
 18219 | Swamp:1  | Killed Frances
 18220 | Swamp:1  | Reached skill level 1 in Translocations
 18355 | Swamp:1  | Found a runed translucent gate.
 18355 | Swamp:1  | Noticed bochi's ghost (adept OnIE)
 18358 | Swamp:1  | Found a runed translucent gate.
 18361 | Swamp:1  | Found a runed translucent gate.
 18404 | Swamp:1  | Noticed Kirke
 18419 | Swamp:1  | Killed Kirke
 18420 | Swamp:1  | Reached skill level 1 in Spellcasting
 18472 | Swamp:1  | Killed bochi's ghost
 18744 | Swamp:2  | Reached XP level 16. HP: 118/129 MP: 18/18
 18844 | Swamp:2  | Reached skill level 13 in Fighting
 18969 | Swamp:2  | Noticed a tentacled monstrosity
 18979 | Swamp:2  | Killed a tentacled monstrosity
 19299 | Swamp:3  | Found a runed translucent gate.
 19299 | Swamp:3  | Found a runed translucent gate.
 19360 | Swamp:3  | Found a runed translucent gate.
 19485 | Swamp:3  | Identified the +2 ring mail of Ecsougar {Slay+3}
 19665 | Swamp:3  | Noticed Roxanne
 19679 | Swamp:3  | Killed Roxanne
 19833 | Swamp:3  | Noticed Maup's ghost (adept DrBe)
 19833 | Swamp:3  | Noticed Uroge's ghost (journeyman GrEE)
 19846 | Swamp:3  | Killed Maup's ghost
 19847 | Swamp:3  | Reached skill level 5 in Translocations
 19850 | Swamp:3  | Killed Uroge's ghost
 19969 | Swamp:4  | Entered Level 4 of the Swamp
 20306 | Swamp:4  | Noticed a thorn hunter
 20319 | Swamp:4  | Killed a thorn hunter
 20406 | Swamp:4  | Noticed a fenstrider witch
 20412 | Swamp:4  | Killed a fenstrider witch
 20517 | Swamp:4  | Identified the +5 dagger of Death's Door {freeze, rF+
                  | Dex+3}
 20548 | Swamp:4  | Reached XP level 17. HP: 137/137 MP: 22/22
 20610 | Swamp:4  | Got a decaying rune of Zot
 20892 | Spider:1 | Entered Level 1 of the Spider Nest
 21562 | Spider:2 | Noticed Louise
 21616 | Spider:2 | Killed Louise
 21696 | Spider:2 | Noticed Asterion
 21823 | Spider:1 | Killed Asterion
 22029 | Spider:2 | Identified the ring of the Devil {rN+ Int+5}
 22140 | Spider:4 | Entered Level 4 of the Spider Nest
 22350 | Spider:3 | Reached skill level 14 in Fighting
 22702 | Spider:4 | Reached skill level 5 in Spellcasting
 22829 | Spider:4 | Got a milky-white gem with 636 turns to spare
 22831 | Spider:4 | Got a gossamer rune of Zot
 23410 | Spider:4 | Reached XP level 18. HP: 109/147 MP: 26/26
 23706 | Spider:3 | Lost mutation: Your flesh is cold resistant. (rC+) [potion
                  | of mutation]
 23706 | Spider:3 | Lost mutation: You sometimes lose your temper in combat.
                  | [potion of mutation]
 23706 | Spider:3 | Gained mutation: You are somewhat resistant to further
                  | mutation. [potion of mutation]
 23706 | Spider:3 | Gained mutation: You are partially covered in large bone
                  | plates. (SH +4) [potion of mutation]
 23806 | Spider:3 | Reached skill level 10 in Translocations
 24850 | Spider:1 | Found the +7 great mace "Firestarter" {flame, immolate,
                  | rFlCloud rF++}
 25771 | D:13     | Identified 2 scrolls of acquirement
 25773 | D:13     | Reached XP level 19. HP: 154/154 MP: 28/28
 25856 | D:12     | You paid a toll of 2 scrolls of acquirement to enter a
                  | treasure trove
 25857 | Trove    | Entered a treasure trove
 25862 | Trove    | Found the -2 hat of the Alchemist {rElec rPois rF+ rC+ rN+
                  | Will+ rMut rCorr}
 25862 | Trove    | Found the +8 orange crystal plate armour {Archmagi, Int+3
                  | Clar}
 25868 | Trove    | Identified the +0 helmet "Ibesmet" {Dex+3}
 25869 | Trove    | Identified the scarf of Wygeh {shadows, rC+ Str+3}
 25891 | Trove    | Identified the +2 hat "Seabb" {rF+ rN+ Regen+ Dex+3}
 25893 | Trove    | Identified the +4 hat "Ces Neu" {Will+}
 25897 | Trove    | Identified the +2 scale mail "Abatixt" {Str+7}
 26081 | D:13     | Found a gate to the Vaults.
 26102 | D:13     | Noticed Erolcha
 26109 | D:13     | Killed Erolcha
 26501 | D:14     | Reached skill level 15 in Fighting
 26563 | D:14     | Identified the blade talisman of Limited Liability {Int+5}
 26995 | D:15     | Entered Level 15 of the Dungeon
 26996 | D:15     | Found an opulent altar of Gozag.
 27117 | D:15     | Found a staircase to the Depths.
 27161 | D:15     | Found a gate leading to a gauntlet.
 27170 | Gauntlet | Entered a Gauntlet
 27170 | Gauntlet | Found a transporter.
 27170 | Gauntlet | Found a transporter.
 27180 | Gauntlet | Found a transporter.
 27192 | Gauntlet | Found a transporter.
 27209 | Gauntlet | Found a transporter.
 27224 | Gauntlet | Found a transporter.
 27303 | Gauntlet | Found a transporter.
 27318 | Gauntlet | Found a transporter.
 27338 | Gauntlet | Found a transporter.
 27345 | Gauntlet | Found a transporter.
 27361 | Gauntlet | Found a transporter.
 27434 | Gauntlet | Found a transporter.
 27444 | Gauntlet | Found a transporter.
 27449 | Gauntlet | Found a transporter.
 27454 | Gauntlet | Found a transporter.
 27471 | Gauntlet | Found a transporter.
 27555 | Gauntlet | Identified the +0 robe of the Abyss {Stlth+ Archmagi}
 27815 | D:15     | Reached XP level 20. HP: 162/162 MP: 30/30
 28504 | Elf:1    | Entered Level 1 of the Elven Halls
 28544 | Elf:1    | Noticed Azrael
 28546 | Elf:1    | Identified the serpent talisman of the Storm King {rCorr
                  | MP+9 Int+3}
 28546 | Elf:1    | Noticed Aizul
 28551 | Elf:1    | Killed Azrael
 28559 | Elf:1    | Killed Aizul
 28856 | Elf:3    | Entered Level 3 of the Elven Halls
 28930 | Elf:3    | Noticed Zenata
 28946 | Elf:3    | Killed Zenata
 29061 | Elf:3    | Noticed Donald
 29071 | Elf:3    | Killed Donald
 29575 | Elf:3    | Identified the amulet of Avukhleki {Rampage rF+ RegenMP+}
 29607 | Elf:3    | Identified the +6 broad axe of Untruth {freeze, Int+3
                  | Dex+3}
 29617 | Elf:3    | Identified the ring "Ykei" {Fly rElec rF+ Stlth+}
 29703 | Elf:3    | Got a shimmering gem with 648 turns to spare
 29911 | Elf:3    | Learned a level 3 spell: Fugue of the Fallen
 29919 | Elf:3    | Learned a level 7 spell: Manifold Assault
 29924 | Elf:3    | Learned a level 4 spell: Vhi's Electric Charge
 29928 | Elf:3    | Identified the staff of the Shallot {rPois rF+ rC- Dex-5
                  | Summ Fire}
 30032 | Elf:3    | Noticed Mara
 30034 | Elf:3    | Noticed waagh's illusion
 30060 | Elf:3    | Noticed waagh's illusion
 30331 | Elf:2    | Reached skill level 1 in Necromancy
 30342 | Elf:2    | Reached skill level 1 in Air Magic
 30382 | Elf:2    | Noticed Agnes
 30396 | Elf:2    | Killed Agnes
 30446 | Elf:2    | Reached skill level 16 in Fighting
 30745 | Elf:2    | Found a runed translucent gate.
 30745 | Elf:2    | Found a runed translucent gate.
 30745 | Elf:2    | Found a runed translucent gate.
 30777 | Elf:2    | Reached XP level 21. HP: 168/171 MP: 33/33
 31738 | Vaults:1 | Entered Level 1 of the Vaults
 31814 | Vaults:1 | Identified the +0 scale mail "Quplit" {Will+ Dex+3}
 31909 | Vaults:2 | Found Rurakh Onobb's Weapon Shop.
 31931 | Vaults:2 | Reached skill level 15 in Translocations
 32086 | Vaults:2 | Paralysed by a formless jellyfish for 1 turns
 32421 | Vaults:3 | Found Kiuzom's Jewellery Shoppe.
 32755 | Vaults:4 | Reached skill level 5 in Necromancy
 32890 | Vaults:4 | Noticed Vuferghebb's ghost (adept CoFi)
 32891 | Vaults:4 | Found a runed translucent gate.
 32891 | Vaults:4 | Found a runed translucent gate.
 32891 | Vaults:4 | Found a runed translucent gate.
 33509 | Vaults:5 | Entered Level 5 of the Vaults
 33533 | Vaults:4 | Reached XP level 22. HP: 57/180 MP: 35/35
 33618 | Vaults:4 | Reached skill level 5 in Shapeshifting
 33618 | Vaults:4 | Reached XP level 23. HP: 186/186 MP: 36/36
 33720 | Vaults:5 | Reached skill level 17 in Fighting
 33812 | Vaults:5 | Identified the ring of Vaocos {*Slow +Blink rC+ Str+6
                  | Int+4}
 33823 | Vaults:5 | Reached skill level 10 in Spellcasting
 33897 | Vaults:5 | Noticed a golden dragon
 33920 | Vaults:5 | Killed a golden dragon
 33974 | Vaults:5 | Noticed a golden dragon
 33980 | Vaults:5 | Noticed a dread lich
 33988 | Vaults:5 | Killed a golden dragon
 34022 | Vaults:5 | Found Qaeter's Book Emporium.
 34366 | Vaults:5 | Identified the +0 robe "Essusmia" {*Slow rElec Dex+4
                  | Archmagi}
 34416 | Vaults:5 | Identified the ring of the Evil One {^Contam rPois AC+4
                  | Str+2 Int+3}
 34419 | Vaults:5 | Got a shining gem with 1138 turns to spare
 34434 | Vaults:5 | Noticed a golden dragon
 34441 | Vaults:5 | Killed a golden dragon
 34463 | Vaults:5 | Got a silver rune of Zot
 34653 | Vaults:5 | Identified the +0 plate armour of the Little Devil {rF++
                  | Will- rCorr Dex-5}
 34855 | Vaults:5 | Killed a dread lich
 34938 | Vaults:5 | Identified the +0 demon trident "Ypopest" {drain, Int+3
                  | Dex+4 Stlth+}
 34940 | Vaults:5 | Got the Almanac of Seismic Nightshade
 35272 | Vaults:5 | Found Ibiaxot's General Store.
 35280 | Vaults:5 | Bought a potion of haste for 180 gold pieces
 35280 | Vaults:5 | Bought a scroll of blinking for 135 gold pieces
 35677 | Vaults:4 | Reached skill level 18 in Fighting
 35677 | Vaults:4 | Reached XP level 24. HP: 156/197 MP: 12/38
 35680 | Vaults:4 | Killed Vuferghebb's ghost
 36022 | Vaults:3 | Noticed Jory
 36029 | Vaults:3 | Killed Jory
 36422 | Vaults:3 | Identified the +9 falchion of Qieme {speed, Int+3 Stlth+}
 36427 | Vaults:3 | Identified the +3 robe of the Wasteland {Will++ Str+4}
 36427 | Vaults:3 | Noticed Boris
 36435 | Vaults:3 | Killed Boris
 37134 | Vaults:2 | You fall into a shaft and drop 1 floor!
 37590 | Vaults:2 | Found a staircase to the Crypt.
 37685 | Vaults:2 | Identified the amulet of the Spinneret {Faith rC+ Will-
                  | Str+3 Dex+3}
 38000 | Vaults:2 | Identified the +7 whip of Rubbish {freeze, rElec rPois rF++
                  | Int-4}
 38878 | Vaults:1 | Reached XP level 25. HP: 197/206 MP: 39/39
 39101 | Vaults:1 | Reached skill level 19 in Fighting
 39422 | Vaults:1 | Identified the +8 trident "Imuoso" {flame, rElec rPois
                  | Int-4 SInv}
 39499 | Depths:1 | Entered Level 1 of the Depths
 39572 | Depths:1 | You fall into a shaft and drop 1 floor!
 39618 | Depths:4 | Entered Level 4 of the Depths
 39652 | Depths:4 | Found a one-way gateway to a ziggurat.
 39853 | Depths:4 | Found a gate to the Realm of Zot.
 39858 | Depths:4 | Got a midnight gem with 2660 turns to spare
 40047 | Depths:4 | Found a gateway to Hell.
 40127 | Depths:4 | Found a one-way gate leading to the halls of Pandemonium.
 40172 | Depths:4 | Found an ancient bone altar of Kikubaaqudgha.
 40754 | Depths:3 | Found a runed translucent door.
 40907 | Depths:3 | Found a runed translucent door.
 40907 | Depths:3 | Found a runed translucent door.
 40915 | Depths:3 | Reached skill level 15 in Armour
 40919 | Depths:3 | Reached XP level 26. HP: 203/217 MP: 7/40
 41079 | Depths:3 | Identified the +5 halberd "Ufuot" {freeze, rC+ rN+}
 41179 | Depths:3 | Reached skill level 15 in Dodging
 41298 | Depths:3 | Noticed a juggernaut
 41307 | Depths:3 | Killed a juggernaut
 41308 | Depths:3 | Found the amulet of Vitality {Regen++ RegenMP++}
 41523 | Depths:3 | Reached skill level 20 in Fighting
 41773 | Depths:3 | Noticed a juggernaut
 41777 | Depths:3 | Killed a juggernaut
 42025 | Depths:3 | Found a runed translucent door.
 42025 | Depths:3 | Found a one-way gate to the infinite horrors of the Abyss.
 42097 | Depths:3 | Found a runed translucent door.
 42097 | Depths:3 | Found a runed translucent door.
 42311 | Depths:3 | Identified the staff "Hydrabane" {rC+ Stlth+ Summ Fire Ice}
 42485 | Depths:2 | Found Palyol's General Store.
 42505 | Depths:2 | Bought a potion of curing for 36 gold pieces
 42558 | Depths:2 | Identified the +2 pair of gloves "Uborhuukk" {Harm rN+}
 42612 | Depths:2 | Identified the staff of Keqon {rF++ rN+ Str-2 Necro}
 42664 | Depths:2 | Bought a scroll of enchant weapon for 180 gold pieces
 43110 | Depths:2 | Found a white marble altar of Elyvilon.
 43283 | Depths:1 | Reached XP level 27. HP: 226/226 MP: 32/41
 43454 | Depths:1 | Identified the +7 sling of Regicide {heavy, rCorr}
 44130 | Zot:1    | Entered Level 1 of the Realm of Zot
 44477 | Zot:5    | Entered Level 5 of the Realm of Zot
 44625 | Zot:5    | Reached skill level 21 in Fighting
 44777 | Zot:5    | Got a prismatic gem with 390 turns to spare
 44910 | Zot:4    | Noticed Vv
 44927 | Zot:4    | Killed Vv
 45229 | Zot:4    | Reached skill level 15 in Spellcasting
 45489 | Zot:4    | Got the Incunable of Venom
 46948 | Zot:2    | Found the +4 dragonskin cloak {Aegis}
 46948 | Zot:2    | Noticed Tiamat
 46960 | Zot:2    | Killed Tiamat
 47846 | Zot:1    | Identified the +8 war axe of Vetuune {elec, rF++ rCorr
                  | Str+3 Int-3}
 48017 | Zot:1    | Acquired 822 gold pieces
 48375 | Lair:4   | Found a runed translucent door.
 48375 | Lair:4   | Found a viscous altar of Jiyva.
 48376 | Lair:4   | Found a staircase to the Slime Pits.
 48427 | Slime:1  | Entered Level 1 of the Pits of Slime
 48433 | Slime:2  | Paralysed by a formless jellyfish for 1 turns
 48488 | Slime:3  | Reached skill level 22 in Fighting
 48567 | Slime:5  | Entered Level 5 of the Pits of Slime
 48602 | Slime:5  | Noticed the Royal Jelly
 48622 | Slime:5  | Killed the Royal Jelly
 48659 | Slime:5  | Got a starry gem with 399 turns to spare
 48661 | Slime:5  | Got a slimy rune of Zot
 48666 | Slime:5  | Got the Volume of the Discontinuous Iceberg
 48669 | Slime:5  | Got Sif Muna's Volume of the Anticline and Astrapomancy
 48680 | Slime:5  | Got Giojix's Omnibus of Creative Minerals
 48682 | Slime:5  | Identified the +7 short sword "Hicitsoll" {heavy, Dex+4}
 48762 | Slime:5  | Identified the ring of Xom's Grace {rElec rPois Will+
                  | Dex+3}
 48837 | Slime:5  | Identified the +1 orcbow of Experimentation {heavy, rPois
                  | rC- rN+ Stlth+}
 48847 | Slime:5  | Identified the +9 trident of Ycheosylau {freeze, rN+ Dex+4}
 49620 | Slime:2  | Reached skill level 10 in Shapeshifting
 50177 | Crypt:1  | Entered Level 1 of the Crypt
 50262 | Crypt:2  | Found a basalt altar of Yredelemnul.
 50359 | Crypt:3  | Entered Level 3 of the Crypt
 50734 | Crypt:3  | Identified the +1 pair of gloves of the Swamp {rC+ Str+2}
 50758 | Crypt:3  | Identified the +7 glaive "Ewoprac" {flame, rN+}
 50759 | Crypt:3  | Identified the ring "Jinemas" {rC+ Will+++ Int-3}
 50760 | Crypt:3  | Identified the staff of Subterfuge {rElec rPois rN+ Will-
                  | Necro}
 50990 | Crypt:3  | Identified the +4 robe of Soft Rains {Int+3}
 50990 | Crypt:3  | Noticed Boris
 51009 | Crypt:3  | Killed Boris
 51073 | Crypt:3  | Found an ancient bone altar of Kikubaaqudgha.
 51075 | Crypt:3  | Noticed an ancient lich
 51091 | Crypt:3  | Killed an ancient lich
 51096 | Crypt:3  | Noticed a dread lich
 51103 | Crypt:3  | Killed a dread lich
 51122 | Crypt:3  | Identified the ring "Zidghor" {Will+ Int+5 Slay+4}
 51130 | Crypt:3  | Noticed an ancient lich
 51137 | Crypt:3  | Killed an ancient lich
 51143 | Crypt:3  | Got an ivory gem with 868 turns to spare
 51269 | Crypt:3  | Acquired a +4 demon blade of electrocution
 51358 | Crypt:3  | Reached skill level 23 in Fighting
 51721 | Crypt:3  | Got Zyuda's Almanac of Hexing Citrinitas
 51808 | Crypt:3  | Found a staircase to the Tomb.
 51834 | Crypt:3  | Identified the +6 battleaxe of Greed {drain, Int+4}
 52525 | Crypt:1  | Found a runed translucent gate.
 52526 | Crypt:1  | Found a runed translucent gate.
 52527 | Crypt:1  | Found a runed translucent gate.
 52528 | Crypt:1  | Noticed Ulecsuczon's ghost (veteran MiGl)
 52558 | Crypt:1  | Found an iron altar of Okawaru.
 52570 | Crypt:1  | Killed Ulecsuczon's ghost
 52666 | Crypt:1  | Identified the +10 battleaxe of Action {vamp, rF+ rC+ Will-
                  | Str+2}
 52964 | Crypt:1  | Lost mutation: You are somewhat resistant to further
                  | mutation. [potion of mutation]
 52964 | Crypt:1  | Lost mutation: You are partially covered in large bone
                  | plates. (SH +4) [potion of mutation]
 52964 | Crypt:1  | Gained mutation: Armour fits poorly on your strangely
                  | shaped body. [potion of mutation]
 52965 | Crypt:1  | Lost mutation: Armour fits poorly on your strangely shaped
                  | body. [potion of mutation]
 52965 | Crypt:1  | Gained mutation: Your spells are a little harder to cast,
                  | but a little more powerful. [potion of mutation]
 52966 | Crypt:1  | Lost mutation: Your spells are a little harder to cast, but
                  | a little more powerful. [potion of mutation]
 52966 | Crypt:1  | Gained mutation: Potions are less effective at restoring
                  | your health. [potion of mutation]
 52966 | Crypt:1  | Gained mutation: Your flesh is cold resistant. (rC+)
                  | [potion of mutation]
 52966 | Crypt:1  | Gained mutation: Your system is resistant to poisons.
                  | (rPois) [potion of mutation]
 52967 | Crypt:1  | Lost mutation: Your flesh is cold resistant. (rC+) [potion
                  | of mutation]
 52967 | Crypt:1  | Lost mutation: Your system is resistant to poisons. (rPois)
                  | [potion of mutation]
 52967 | Crypt:1  | Gained mutation: You do not regenerate when monsters are
                  | visible. [potion of mutation]
 52967 | Crypt:1  | Gained mutation: You have an increased reservoir of magic.
                  | (+10% MP) [potion of mutation]
 52968 | Crypt:1  | Lost mutation: You have an increased reservoir of magic.
                  | (+10% MP) [potion of mutation]
 52968 | Crypt:1  | Lost mutation: You do not regenerate when monsters are
                  | visible. [potion of mutation]
 52968 | Crypt:1  | Gained mutation: Your movements are slightly less
                  | encumbered by armour. (ER -2) [potion of mutation]
 53162 | Depths:1 | Voluntarily entered the Abyss.
 53175 | Abyss:1  | Found a corrupted altar of Lugonu.
 53177 | Abyss:1  | Found a corrupted altar of Lugonu.
 53368 | Abyss:1  | Gained mutation: You are frail. (-10% HP) [a neqoxec]
 53441 | Depths:1 | Escaped the Abyss
 53443 | Depths:1 | Voluntarily entered the Abyss.
 53458 | Depths:1 | Escaped the Abyss
 53460 | Depths:1 | Voluntarily entered the Abyss.
 54090 | Abyss:2  | Found a corrupted altar of Lugonu.
 54091 | Abyss:2  | Found a corrupted altar of Lugonu.
 54091 | Abyss:2  | Found a corrupted altar of Lugonu.
 54222 | Depths:1 | Escaped the Abyss
 54224 | Depths:1 | Voluntarily entered the Abyss.
 54286 | Abyss:2  | Identified the +2 rapier "Fauk" {elec, Dex+2 Stlth+}
 54502 | Depths:1 | Escaped the Abyss
 54559 | Depths:1 | Voluntarily entered the Abyss.
 54630 | Depths:1 | Escaped the Abyss
 54632 | Depths:1 | Voluntarily entered the Abyss.
 54684 | Abyss:3  | Found a corrupted altar of Lugonu.
 54719 | Abyss:3  | Found a corrupted altar of Lugonu.
 54777 | Depths:1 | Escaped the Abyss
 54779 | Depths:1 | Voluntarily entered the Abyss.
 54999 | Abyss:3  | Reached skill level 24 in Fighting
 55015 | Abyss:3  | Reached skill level 15 in Shapeshifting
 55030 | Abyss:3  | Found a corrupted altar of Lugonu.
 55058 | Abyss:4  | Found a corrupted altar of Lugonu.
 55068 | Abyss:4  | Found a corrupted altar of Lugonu.
 55124 | Depths:1 | Escaped the Abyss
 55126 | Depths:1 | Voluntarily entered the Abyss.
 55225 | Abyss:4  | Found a transporter.
 55281 | Abyss:4  | Found a transporter.
 55291 | Abyss:4  | Got an abyssal rune of Zot
 55341 | Abyss:4  | Found a transporter.
 55366 | Abyss:4  | Found a transporter.
 55374 | Depths:1 | Escaped the Abyss
 55651 | D:4      | Fell from the grace of Gozag
 55651 | D:4      | Became a worshipper of Vehumet
 55925 | Pan      | Entered Pandemonium
 55999 | Pan      | Entered the realm of Mnoleg.
 56090 | Pan      | Reached * piety under Vehumet
 56090 | Pan      | Offered knowledge of Shock by Vehumet.
 56090 | Pan      | Gained mutation: Your health recovers twice as slowly from
                  | being drained. [a cacodemon]
 56225 | Pan      | Reached ** piety under Vehumet
 56260 | Pan      | Offered knowledge of Mercury Vapours by Vehumet.
 56502 | Pan      | Offered knowledge of Mephitic Cloud by Vehumet.
 56664 | Pan      | Reached *** piety under Vehumet
 56667 | Pan      | Noticed Mnoleg
 56682 | Pan      | Killed Mnoleg
 56724 | Pan      | Got a glowing rune of Zot
 56835 | Pan      | Lost mutation: You are frail. (-10% HP) [potion of
                  | mutation]
 56835 | Pan      | Lost mutation: Your health recovers twice as slowly from
                  | being drained. [potion of mutation]
 56835 | Pan      | Gained mutation: You are resistant to electric shocks.
                  | (rElec) [potion of mutation]
 56835 | Pan      | Lost mutation: You are resistant to electric shocks.
                  | (rElec) [potion of mutation]
 56835 | Pan      | Gained mutation: You are partially covered in iridescent
                  | scales. (AC +2) [potion of mutation]
 57001 | Pan      | Offered knowledge of Frozen Ramparts by Vehumet.
 57303 | Pan      | Reached **** piety under Vehumet
 57304 | Pan      | Noticed a seraph
 57305 | Pan      | Reached skill level 25 in Fighting
 57309 | Pan      | Killed a seraph
 57312 | Pan      | Found a glowing golden altar of the Shining One.
 57322 | Pan      | Offered knowledge of Airstrike by Vehumet.
 57346 | Pan      | Got a demonic rune of Zot
 57347 | Pan      | Identified the +4 barding "Cases" {rElec rF+ Dex+3}
 57359 | Pan      | Identified the +1 great sword of Peynam {drain, rPois}
 57362 | Pan      | Identified the +10 rapier of Domination {speed, Int+3
                  | Stlth+}
 57668 | Pan      | Found a glowing silver altar of Zin.
 58106 | Pan      | Identified the +7 tower shield of Truth {+Blink rC+ rN+}
 58393 | Pan      | Reached ***** piety under Vehumet
 58582 | Pan      | Offered knowledge of Yara's Violent Unravelling by Vehumet.
 58646 | Pan      | Noticed Ignacio
 58768 | Pan      | Entered the realm of Lom Lobon.
 58768 | Pan      | Noticed Lom Lobon
 58776 | Pan      | Killed Lom Lobon
 58795 | Pan      | Got a magical rune of Zot
 59154 | Pan      | Entered the realm of Gloorx Vloq.
 59888 | Pan      | Offered knowledge of Airstrike by Vehumet.
 59897 | Pan      | Noticed Gloorx Vloq
 59905 | Pan      | HP: 12/244 [Gloorx Vloq] (17)]
 59905 | Pan      | Mangled by Gloorx Vloq

Illustrated notes

Levels and vault maps discovered:
D:1:      dpeg_arrival_radiant, layout_basic
D:2:      layout_rooms, serial_aquarium, aquarium_bridge_square
          [aquarium_subvault_balcony, aquarium_subvault_wall,
          aquarium_subvault_bridge, aquarium_subvault_window],
          aquarium_bridge_island_small [aquarium_subvault_small_water,
          aquarium_subvault_bridge, aquarium_subvault_window,
          aquarium_subvault_wall, aquarium_subvault_bridge], aquarium_window_3,
          aquarium_window_1, aquarium_view_2d, aquarium_balcony_1b,
          aquarium_pool_split, kennysheep_generic_room_5, uniq_natasha
D:3:      layout_basic
D:4:      layout_loops_cross, lemuel_tele_altar, kennysheep_mini,
          mainiacjoe_overflow_surrounded_room, serial_shops, shop, uniq_sigmund,
          uniq_robin
D:5:      corexii_shack_village, layout_basic, mainiacjoe_overflow_alcove_2,
          minmay_temple_entry_junction, uniq_pikel
D:6:      layout_cave_pools, nicolae_overflow_macrodata_refinement,
          mainiacjoe_overflow_tiny_flanked, zin_academy,
          nicolae_houndstooth_variations, uniq_prince_ribbit1, uniq_edmund,
          uniq_maggie
D:7:      layout_rooms, mainiacjoe_overflow_24_doors, xom_butterflies,
          serial_bayou_lagoon_a, chequers_serial_rivers_large_a,
          grunt_ogre_cave, hangedman_decor_lopped, dk_rats_in_the_wall
D:8:      layout_rooms, lemuel_round_altar, uniq_erica, uniq_maurice
D:9:      kennysheep_seaside_town, layout_rooms, jmf_multi_god_temple,
          hiddenorc1_lemuel, serial_shops, nicolae_shop_tiny_waterfront
D:10:     layout_grid_maze, lair_entry_dummy
D:11:     layout_roguey, serial_shops, bzr_in_the_mist
D:12:     layout_basic, nicolae_trove_entry_columns,
          nicolae_shop_i_like_small_books_too, bloody_trog, uniq_josephine
D:13:     layout_loops_ring, david_vaults_2, hangedman_fish_farm, uniq_erolcha
D:14:     layout_roguey, amcnicky_mini_pool_small, minmay_misc_feat_plants
D:15:     gammafunk_depths_entry_grave, layout_cave_pods,
          gauntlet_entry_generic, nicolae_gozag_cash_rules_everything_around_me,
          minmay_guarded_unrand_vampires_tooth
Temple:   hellmonk_temple_two_chambers
Lair:1:   layout_cave_pods, basic_altar, minivault_27, minivault_23,
          grunt_megastairs_5
Lair:2:   kb_forest_paths, layout_regular_city,
          nicolae_spider_entry_lesser_pyramids
Lair:3:   layout_chaotic_city, swamp_mist, lemuel_centaur_altar,
          infiniplex_staircase_pool
Lair:4:   layout_gridlike, slime_entry_2, infiniplex_staircase_pool_2
Lair:5:   minmay_lair_end_frog_pond, layout_loops_ring
Swamp:1:  layout_basic_swamp, gammafunk_ghost_hydra_chop,
          evilmike_swamp_ruin_house_1, uniq_kirke, uniq_frances
Swamp:2:  layout_falls_marsh, evilmike_swamp_ruin_house_2
Swamp:3:  layout_basic_swamp, gammafunk_ghost_cemetery,
          evilmike_swamp_ruin_house_5, nicolae_swamp_decorative_isthmus,
          uniq_roxanne
Swamp:4:  swamp, layout_basic_swamp
Spider:1: layout_spider_delve, nicolae_spider_scorpion_nest
Spider:2: layout_spider_delve, uniq_asterion, uniq_louise
Spider:3: layout_spider_delve, drop_trap
Spider:4: spider_rune_water
Slime:1:  layout_caves
Slime:2:  layout_caves
Slime:3:  layout_caves
Slime:4:  layout_caves
Slime:5:  slime_pit_nicolae_amoeboid
Orc:1:    layout_caves, serial_shops, nicolae_lakefront_shop
Orc:2:    st_orc_ogre_mass, layout_diamond_mine,
          portal_ice_cave_entry_pillars_1, uniq_snorg
Elf:1:    nicolae_elf_arrival_fired_up, layout_rooms,
          hangedman_elven_crosses_minicolossus, uniq_aizul, uniq_azrael
Elf:2:    nicolae_elf_blades_splatter_lattice [mumra_blade_entry_dagger],
          layout_geoelf_grid, uniq_agnes
Elf:3:    minmay_elf_hall_statues, layout_geoelf_diagonals, uniq_mara,
          uniq_zenata, uniq_donald
Vaults:1: nicolae_vaults_more_shelving_1, v_rooms_2, hangedman_vaults_nodes,
          nicolae_vaults_twisting_passages, nicolae_vaults_little_squares_4,
          nicolae_vaults_trapezoid_layered, nicolae_vaults_network_quinsquares
          [nicolae_vaults_network_quincunx_subvault,
          nicolae_vaults_network_quincunx_subvault,
          nicolae_vaults_network_quincunx_subvault,
          nicolae_vaults_network_quincunx_subvault], vaults_room_pool,
          nicolae_vaults_frosty_reception, nicolae_vaults_little_squares_4,
          layout_vaults_maze_snakey
Vaults:2: minmay_crypt_entry_nasty_monster, fort_yaktaur,
          hangedman_vaults_river_flow, nicolae_vaults_trapezoid_lopsided_2,
          vaults_dpeg_spiral, hangedman_vaults_maws, ontoclasm_vaults_chip,
          v_pattern_5, vaults_mumra_chevron_long, nicolae_vaults_rhombus_7,
          nicolae_vaults_taking_the_gang_shopping, layout_vaults_omnibox
Vaults:3: serial_library_hellmonk_open_square, nicolae_vaults_tangram_2,
          vaults_standard_mumra_lines, nicolae_vaults_variable_pillar_hall,
          vaults_mumra_minichess_inversion, nicolae_vaults_wine_cellar,
          nicolae_vaults_ninety_degrees, v_alt_pattern_5,
          nicolae_vaults_network_star, v_misc_8, vaults_room_guarded_vault,
          vaults_room_fancy_cross, layout_vaults_big_cross, serial_shops, shop,
          uniq_jory, uniq_boris
Vaults:4: gammafunk_ghost_split, ontoclasm_vaults_claustrophobia, v_misc_29,
          nicolae_vaults_double_plus_2, vaults_room_grid, v_misc_1,
          nicolae_vaults_turnstiles, v_misc_32,
          nicolae_vaults_closet_pinwheel_6, nicolae_vaults_double_plus_2,
          layout_vaults_omnigrid
Vaults:5
Crypt:1:  layout_rooms, gammafunk_ghost_fury_of_okawaru
Crypt:2:  layout_rooms, basic_altar
Crypt:3:  quadcrypt_mu
Depths:1: layout_cave_shapes, hell_entry, abyss_entry, grunt_pan_entry_zigzag,
          grunt_decor_clamped, hangedman_devilish_allure
Depths:2: grunt_crosshair, layout_cave_pools, serial_shops, shop,
          nicolae_elyvilon_temple_path, pan_entry, grunt_mini_vestibule,
          st_stairs_14
Depths:3: minmay_the_grid_ultimate
          [minmay_the_grid_prize_four_corners_diamond_a,
          minmay_the_grid_prize_diamond_cup, minmay_the_grid_prize_big_room,
          minmay_the_grid_prize_inner_circle, minmay_the_grid_square_5x5_seven,
          minmay_the_grid_square_5x5_v, minmay_the_grid_square_5x5_n_small,
          minmay_the_grid_square_5x5_half_checkered,
          minmay_the_grid_square_5x5_hourglass,
          minmay_the_grid_square_5x5_slash, minmay_the_grid_square_5x5_mess,
          minmay_the_grid_square_5x5_tri_point,
          minmay_the_grid_square_5x5_hollow_slash,
          minmay_the_grid_square_5x5_inner_i,
          minmay_the_grid_square_5x5_intrusive_squares,
          minmay_the_grid_square_5x5_misaligned,
          minmay_the_grid_square_5x5_fat_x,
          minmay_the_grid_square_5x5_two_walls_a,
          minmay_the_grid_square_5x5_checkered,
          minmay_the_grid_triangle_9x9_pentomino_pain,
          minmay_the_grid_triangle_9x9_cache,
          minmay_the_grid_triangle_9x9_windchime,
          minmay_the_grid_triangle_9x9_from_above,
          minmay_the_grid_triangle_9x9_stretched_checkered,
          minmay_the_grid_triangle_9x9_flanged_cone,
          minmay_the_grid_triangle_9x9_wacky_v,
          minmay_the_grid_triangle_9x9_negative_grid,
          minmay_the_grid_triangle_9x9_odd_lines,
          minmay_the_grid_triangle_9x9_warning,
          minmay_the_grid_triangle_9x9_limited_checkers,
          minmay_the_grid_triangle_9x9_longest,
          minmay_the_grid_triangle_9x9_swiss_cheese,
          minmay_the_grid_triangle_9x9_subtriangle,
          minmay_the_grid_triangle_9x9_tough_junction,
          minmay_the_grid_triangle_9x9_fully_insulated_deathbox,
          minmay_the_grid_square_5x5_moneybag, minmay_the_grid_octo_horde,
          minmay_the_grid_octo_checkerflower, minmay_the_grid_octo_clover_2,
          minmay_the_grid_octo_clover, minmay_the_grid_octo_77,
          minmay_the_grid_octo_thin_diamonds, minmay_the_grid_octo_odd_swirl,
          minmay_the_grid_octo_empty, minmay_the_grid_fan,
          minmay_the_grid_stretched_grid, minmay_the_grid_minigrid_medium,
          minmay_the_grid_airy], hell_entry, abyss_entry
Depths:4: evilmike_zot_entry_basic, layout_gridlike, enter_ziggurat_c,
          kiku_gazebo_pond_becter, pan_entry, hell_entry
Zot:1:    layout_misc_corridors, st_stairs_14, uniq_josephina
Zot:2:    layout_gridlike, grunt_megastairs_2, uniq_tiamat
Zot:3:    layout_twisted_circle, skrybe_zot_glass_2
Zot:4:    kennysheep_oblong_rooms, layout_gridlike, uniq_vv
Zot:5:    layout_misc_corridors, grunt_ministairs_4
Pan:      nicolae_pan_giant_door, layout_small_grid, mnoleg_grunt,
          layout_irregular_city, nicolae_pan_mnolegish_5, lemuel_hall_of_pain,
          layout_chambers, nicolae_pan_mnolegish_3, nicolae_pan_glass_arcs,
          layout_rooms, nicolae_pan_sigil_eeng, nicolae_pan_sick_transit,
          evilmike_holy_pan, rand_demon_5, layout_rooms, nicolae_pan_sigil_obb,
          uniq_ignacio, pan_disco_hall, layout_stronghold, pan_blood_fountain_2,
          lom_lobon, layout_basic, gloorx_vloq_st, layout_pan_divisions_b
          [pan_division_quadrant_b3, pan_division_quadrant_b5,
          pan_division_quadrant_b5, pan_division_quadrant_b3],
          nicolae_pan_gloorx_vloqian_4, reaverb_pan_figure_eight

Skill      XL: |  1  2  3  4  5  6  7  8  9 10 11 12 13 14 15 16 17 18 19 20 21 22 23 24 25 26 27 |
---------------+----------------------------------------------------------------------------------+-----
Throwing       | 2 |  2.0
Dodging        | 3 4 5 6 7 8 9 10 11 12 13 14 15 17 | 17.0
Armour         | 1 2 3 4 5 6 7 8 9 10 11 12 13 14 15 16 17 | 17.2
Long Blades    | 4 5 6 9 10 12 13 14 16 17 18 19 20 21 22 23 24 | 24.1
Fighting       | 3 4 5 6 7 8 10 11 12 13 14 15 16 18 19 20 25 | 25.9
Translocations | 3 6 9 11 12 14 16 18 19 | 19.0
Spellcasting   | 1 3 5 6 7 8 9 11 12 13 14 16 | 16.0
Shapeshifting  | 4 5 19 | 19.4
Necromancy     | 2 5 6 |  6.0
Air Magic      | 1 3 |  3.0

Action                     |  1- 3 |  4- 6 |  7- 9 | 10-12 | 13-15 | 16-18 | 19-21 | 22-24 | 25-27 || total
---------------------------+-------+-------+-------+-------+-------+-------+-------+-------+-------++-------
  Melee: Dagger            |    62 |    56 |       |       |       |       |       |       |       ||   118
         Long sword        |    67 |    90 |   229 |   485 |   776 |       |       |       |       ||  1647
         Short sword       |       |    25 |   187 |       |       |       |       |       |       ||   212
         Scimitar          |       |       |       |   356 |   800 |  1571 |  1356 |   445 |       ||  4528
         Double sword      |       |       |       |       |       |       |   476 |   776 |  2884 ||  4136
         Falchion          |       |       |       |       |       |       |       |   246 |  1590 ||  1836
         Demon blade       |       |       |       |       |       |       |       |       |   874 ||   874
         Eudemon blade     |       |       |       |       |       |       |       |       |   157 ||   157
  Throw: Throwing net      |       |       |       |     3 |     1 |     5 |       |       |       ||     9
         Dart              |       |       |       |       |       |     7 |       |       |       ||     7
         Javelin           |       |       |       |       |       |       |       |     1 |       ||     1
   Cast: Volatile Blastmot |       |       |       |       |       |       |     3 |       |       ||     3
         Fugue of the Fall |       |       |       |       |       |       |     1 |    12 |    64 ||    77
         Manifold Assault  |       |       |       |       |       |       |       |    54 |   303 ||   357
         Vhi's Electric Ch |       |       |       |       |       |       |       |     1 |     1 ||     2
 Invoke: Call Merchant     |       |       |       |     2 |       |     3 |     1 |     3 |     6 ||    15
         Potion Petition   |       |       |       |       |       |     1 |     1 |     1 |     1 ||     4
Ability: Invent Gizmo      |       |       |       |       |     1 |       |       |       |       ||     1
  Evoke: Wand              |       |       |       |     5 |       |       |     2 |       |       ||     7
    Use: Scroll            |     4 |     6 |     5 |     7 |     1 |     3 |    13 |     5 |    10 ||    54
         Potion            |       |     1 |     8 |     4 |     4 |     6 |     2 |     3 |    12 ||    40
   Stab: Sleeping          |     1 |     1 |       |       |     3 |       |       |       |     2 ||     7
         Distracted        |       |       |     1 |     1 |    10 |    14 |    11 |     5 |    30 ||    72
         Paralysed         |       |       |       |     3 |       |       |       |       |       ||     3
         Petrified         |       |       |       |       |     6 |       |       |       |       ||     6
         Held in net/web   |       |       |       |       |     1 |     5 |       |       |       ||     6
 Armour: Leather armour    |    17 |       |       |       |       |       |       |       |       ||    17
         Ring mail         |    41 |    61 |   142 |       |       |       |       |       |       ||   244
         Skin              |       |       |     3 |    17 |       |       |       |       |       ||    20
         Acid dragon scale |       |       |    15 |   223 |   291 |       |       |       |       ||   529
         Pearl dragon scal |       |       |       |       |   132 |  1094 |   678 |   499 |  1245 ||  3648
  Dodge: Dodged            |    58 |    48 |   115 |   265 |   560 |  1009 |   496 |   459 |  1292 ||  4302
  Block: Other             |       |       |       |       |       |    24 |   101 |    68 |   109 ||   302

Table legend: (Time is in decaauts)
 A = Elapsed time spent in this place.
 B = Non-inter-level travel time spent in this place.
 C = Inter-level travel time spent in this place.
 D = Time resting spent in this place.
 E = Time spent auto-exploring this place.
 F = Levels seen in this place.
 G = Mean time per level.
                   A        B        C        D        E       F      G
               +--------+--------+--------+--------+--------+-----+--------+
         Total |  59632 |  56217 |   3415 |   4135 |  35740 |  79 |  754.8 |
       Dungeon |  14763 |  13166 |   1597 |   1352 |   9102 |  15 |  984.2 |
        Temple |     12 |     12 |      0 |      0 |      0 |   1 |   12.0 |
          Lair |   5959 |   5607 |    352 |    830 |   3426 |   5 | 1191.8 |
         Swamp |   3005 |   2852 |    153 |    399 |   1592 |   4 |  751.2 |
   Spider Nest |   4380 |   4317 |     63 |    561 |   2399 |   4 | 1095.0 |
    Slime Pits |   1494 |   1472 |     22 |     78 |    898 |   5 |  298.8 |
  Orcish Mines |   1262 |   1166 |     96 |     95 |    817 |   2 |  631.0 |
   Elven Halls |   3031 |   2961 |     70 |    283 |   1596 |   3 | 1010.3 |
        Vaults |   7679 |   7254 |    425 |    174 |   4711 |   5 | 1535.8 |
         Crypt |   2761 |   2662 |     99 |      0 |   1897 |   3 |  920.3 |
        Depths |   4780 |   4334 |    446 |     55 |   3178 |   4 | 1195.0 |
           Zot |   3899 |   3810 |     89 |     34 |   2771 |   5 |  779.8 |
         Abyss |   2095 |   2095 |      0 |      0 |   1018 |  11 |  190.5 |
   Pandemonium |   3871 |   3871 |      0 |    271 |   2166 |   9 |  430.1 |
        Bazaar |     66 |     66 |      0 |      0 |      0 |   1 |   66.0 |
         Trove |     84 |     84 |      0 |      0 |      0 |   1 |   84.0 |
      Gauntlet |    483 |    483 |      0 |      0 |    165 |   1 |  483.0 |
               +--------+--------+--------+--------+--------+-----+--------+

Top non-repeatable levels by time:
Depths:3: 1865 daAuts
  Lair:5: 1761 daAuts
Vaults:2: 1708 daAuts
 Crypt:3: 1663 daAuts
Vaults:5: 1632 daAuts
Vaults:4: 1627 daAuts
    D:12: 1487 daAuts
Vaults:3: 1467 daAuts
     D:9: 1398 daAuts
Spider:1: 1367 daAuts
Spider:4: 1360 daAuts
  Lair:2: 1281 daAuts
     D:5: 1281 daAuts
Vaults:1: 1243 daAuts
   Zot:4: 1228 daAuts
